Map: Eternal Empire LE

Players

Mango - Winner!

  • Race: Protoss Protoss
  • League: Silver
  • Spawn Location: 1:00

A.I. 1 (Very Easy)

  • Race: Terran Terran
  • Spawn Location: 7:00

VOD

Have the link to the VOD?

Description

Time

  • Played on: Jan. 24, 2020, 10:52 p.m.
  • Length: 12:40
Show
View Real Time Build Order
Export as new Build Order

Mango Protoss - Winner!

Build Orders:  

Get SALT Encoding   

  12  0:01  Probe  
  13  0:13  Probe  
  14  0:18  Pylon  
  14  0:25  Probe  
  15  0:36  Gateway  
  15  0:39  Probe  
  16  0:51  Probe  
  16  0:54  Assimilator  
  17  1:03  Probe (Chrono Boost)  
  18  1:15  Probe (Chrono Boost)  
  19  1:20  Probe (Chrono Boost)  
  19  1:25  Cybernetics Core  
  20  1:29  Probe  
  21  1:41  Probe, Pylon  
  22  1:51  Nexus  
  22  1:55  Probe  
  22  2:00  Assimilator  
  23  2:01  Warp Gate (Chrono Boost)  
  23  2:07  Probe  
  24  2:11  Adept  
  26  2:19  Probe  
  27  2:27  Robotics Facility  
  27  2:33  Probe  
  28  2:41  Stalker  
  30  2:45  Probe  
  31  3:03  Probe  
  32  3:07  Pylon  
  32  3:18  Probe, Gateway  
  32  3:19  Observer (Chrono Boost)  
  34  3:21  Gateway  
  34  3:37  Probe  
  34  3:39  Probe  
  36  3:46  Observer (Chrono Boost)  
  37  3:49  Probe  
  37  3:51  Probe  
  39  4:01  Probe  
  40  4:03  Pylon  
  40  4:04  Probe  
  40  4:07  Immortal  
  45  4:13  Probe  
  46  4:23  Probe  
  47  4:25  Probe  
  47  4:30  Stalker x2  
  47  4:31  Stalker  
  54  4:47  Pylon  
  54  4:52  Pylon  
  54  5:02  Assimilator  
  54  5:05  Probe x2, Immortal  
  54  5:06  Assimilator  
  60  5:08  Sentry  
  60  5:11  Sentry  
  60  5:12  Sentry  
  66  5:17  Probe x2  
  68  5:27  Twilight Council  
  68  5:29  Probe x2  
  70  5:51  Robotics Bay  
  70  5:53  Pylon  
  70  5:57  Pylon  
  70  5:59  Pylon  
  70  6:11  Probe x2  
  70  6:17  Nexus  
  70  6:20  Pylon  
  70  6:23  Probe x2, Pylon  
  72  6:27  Assimilator  
  72  6:29  Charge (Chrono Boost)  
  72  6:31  Assimilator  
  72  6:34  Extended Thermal Lance  
  72  6:35  Probe x2  
  72  6:37  Colossus  
  80  6:47  Probe x2  
  82  6:59  Probe  
  82  7:00  Probe  
  84  7:12  Probe x2  
  86  7:32  Probe x3  
  86  7:36  Zealot x2  
  93  7:41  Adept  
  95  7:55  Probe x3, Gateway x2, Colossus (Chrono Boost)  
  95  7:57  Gateway  
  104  7:59  Gateway  
  104  8:02  Gateway  
  104  8:08  Forge  
  104  8:09  Probe x2  
  104  8:10  Probe  
  104  8:12  Forge  
  107  8:15  Zealot x2  
  107  8:16  Zealot  
  113  8:21  Probe x2  
  113  8:22  Probe  
  116  8:35  Nexus  
  116  8:37  Stalker x2  
  116  8:38  Stalker  
  116  8:39  Pylon, Protoss Ground Armor Level 1  
  122  8:41  Pylon  
  122  8:42  Probe  
  122  8:43  Probe x2  
  122  8:44  Assimilator  
  122  8:48  Assimilator, Protoss Ground Weapons Level 1 (Chrono Boost)  
  125  8:52  Blink (Chrono Boost)  
  125  8:57  Probe, Colossus  
  132  9:15  Probe x2  
  134  9:18  Zealot x3  
  140  9:35  Templar Archives  
  140  9:38  Pylon  
  140  9:39  Probe  
  140  9:40  Pylon  
  140  9:43  Pylon  
  140  9:45  Pylon  
  141  9:47  Probe x2  
  143  10:13  Zealot, Stalker x3  
  143  10:14  Zealot x2  
  153  10:16  High Templar x2  
  159  10:23  Psionic Storm  
  159  10:32  Colossus (Chrono Boost)  
  165  10:45  Zealot x2  
  165  10:46  Zealot x2, Stalker  
  165  10:47  Stalker  
  177  10:57  Gravitic Boosters (Chrono Boost)  
  177  11:06  Probe x2  
  179  11:20  Pylon  
  179  11:22  Pylon  
  179  11:25  Pylon  
  179  11:34  Colossus (Chrono Boost)  
  185  11:45  Zealot x4  
  185  11:46  Stalker x3  
  199  12:32  Nexus  
  199  12:34  Pylon  
  199  12:37  Pylon  
Show
View Real Time Build Order
Export as new Build Order

A.I. 1 (Very Easy) Terran 

Build Orders: Reaper Expand 

Get SALT Encoding   

  12  0:00  SCV  
  13  0:13  SCV  
  14  0:18  Supply Depot  
  14  0:42  Barracks  
  14  1:04  Command Center  
  14  1:30  Supply Depot  
  14  1:31  Marine, Orbital Command  
  15  1:37  Refinery  
  15  1:50  Refinery  
  15  1:56  SCV  
  17  2:08  SCV  
  17  2:18  Reaper  
  17  2:20  SCV  
  17  2:22  SCV  
  20  2:32  SCV  
  20  2:36  SCV  
  22  2:44  SCV  
  22  2:50  SCV  
  24  2:57  SCV  
  25  3:02  Marine  
  25  3:03  Refinery  
  25  3:05  SCV  
  27  3:12  SCV  
  28  3:19  SCV  
  29  3:24  Factory  
  29  3:26  SCV  
  30  3:47  Marine, Refinery  
  31  3:51  SCV  
  32  3:57  Supply Depot  
  32  4:01  SCV  
  33  4:06  Barracks Tech Lab  
  33  4:08  SCV  
  34  4:11  Starport  
  34  4:15  SCV  
  35  4:22  SCV  
  36  4:29  SCV  
  37  4:33  Supply Depot, Marauder  
  37  4:36  SCV  
  40  4:44  SCV  
  41  4:48  Starport Tech Lab  
  41  4:51  SCV  
  42  4:58  SCV  
  43  5:05  SCV  
  43  5:06  Raven  
  46  5:12  SCV  
  47  5:18  Marauder  
  47  5:19  SCV  
  50  5:48  Raven  
  52  6:03  Marine  
  53  6:48  Marine  
  54  8:38  SCV  
  54  10:33  Medivac  
  56  10:36  Supply Depot  
  56  10:57  Factory Tech Lab  
  56  10:59  Armory  
  56  11:02  Supply Depot  
  56  11:03  Medivac  
  52  11:20  Siege Tank  
  47  11:28  Command Center  
  47  11:32  SCV  
  47  11:33  Raven  
  41  11:48  Marine  
  41  11:49  SCV  
  30  12:01  SCV  
  28  12:15  Supply Depot  
Tags
 
Add a new tag
Caveats
  • Supply blocks, unpowered buildings, or Contaminate may cause inaccurate times.
  • Supply counts are checked every 10 seconds.